 Dungeon Crawl Stone Soup version 0.23.2 (webtiles) character file.

Game seed: 17852351642094240388

830 Llamajah the Slasher (level 7, -1/55 HPs)
             Began as a Demonspawn Gladiator on June 13, 2019.
             Slain by a wight
             ... wielding a +3 long sword
              (2 damage)
             ... on level 7 of the Dungeon.
             The game lasted 00:14:38 (5422 turns).

Llamajah the Slasher (Demonspawn Gladiator)         Turns: 5422, Time: 00:14:38

Health: -1/55      AC: 12    Str: 16    XL:     7   Next: 65%
Magic:  7/7        EV:  5    Int: 10    God:
Gold:   305        SH:  0    Dex: 14    Spells: 6/6 levels left

rFire    . . .     SeeInvis .   a - +0 long sword
rCold    . . .     Gourm    +   (no shield)
rNeg     . . .     Faith    .   H - +0 plate armour
rPois    .         Spirit   .   (helmet restricted)
rElec    .         Reflect  .   B - +0 cloak
rCorr    .         Harm     .   (no gloves)
MR       .....                  D - +0 pair of boots
Stlth    ..........             n - amulet of the gourmand
HPRegen  0.18/turn              i - +2 ring of slaying
MPRegen  0.10/turn              (no ring)

@: drained
A: antennae 2, demonic guardian 1
a: no special abilities


You were on level 7 of the Dungeon.
You were very full.

You visited 1 branch of the dungeon, and saw 7 of its levels.

You collected 305 gold pieces.

Inventory:

Hand Weapons
 a - a +0 long sword (weapon)
 l - a +0 club
Missiles
 d - 3 throwing nets (quivered)
 y - 7 tomahawks
 F - 3 tomahawks of dispersal
Armour
 B - a +0 cloak (worn)
 D - a +0 pair of boots (worn)
 H - a +0 plate armour (worn)
Jewellery
 i - a +2 ring of slaying (left hand)
 n - an amulet of the gourmand (around neck)
 G - an uncursed amulet of rage
Wands
 z - a wand of random effects (14)
 A - a wand of digging (4)
 E - a wand of polymorph (8)
Scrolls
 b - a scroll of enchant weapon {unknown}
 g - a scroll of noise {unknown}
 j - 4 scrolls of immolation {unknown}
 o - 8 scrolls of identify {unknown}
 r - 4 scrolls of remove curse {unknown}
 u - 3 scrolls of teleportation {unknown}
 v - 2 scrolls of amnesia {unknown}
 x - a scroll of random uselessness {unknown}
 C - 2 scrolls of enchant armour {unknown}
Potions
 c - a potion of lignification {unknown}
 e - 2 potions of invisibility
 h - a potion of heal wounds {unknown}
 k - 2 potions of mutation {unknown}
 m - a potion of cancellation {unknown}
 q - a potion of resistance {unknown}
 s - a potion of haste {unknown}
 t - a potion of agility {unknown}
 w - a potion of degeneration {unknown}
Comestibles
 f - 13 rations


   Skills:
 * Level 4.9(4.1) Fighting
 * Level 5.0(4.1) Long Blades
 + Level 3.4(2.6) Throwing
 + Level 2.5(1.7) Armour
 + Level 4.0(3.1) Dodging


You had 6 spell levels left.
You didn't know any spells.
Your spell library contained the following spells:

 Spells                   Type           Power        Failure   Level  Hunger
 Freeze                   Ice            #...         100%        1    ##.....
 Throw Frost              Conj/Ice       #.....       100%        2    ###....
 Ozocubu's Armour         Chrm/Ice       #.......     100%        3    ####...
 Summon Ice Beast         Ice/Summ       #.......     100%        4    #####..
 Throw Icicle             Conj/Ice       #.......     100%        4    #####..


Dungeon Overview and Level Annotations

Branches:
Dungeon (7/15)
 Temple: D:4-7

Altars:
Cheibriados
Dithmenos
Hepliaklqana
Nemelex Xobeh
Qazlal
Vehumet
Xom

Shops:
D:7 =

Annotations:
D:4 Grinder


Innate Abilities, Weirdness & Mutations

You have a pair of antennae on your head.
A weak demonic guardian rushes to your aid.


Message History

The crocodile bites you!
* * * LOW HITPOINT WARNING * * *
You hit the crocodile.
The crocodile is severely wounded.
The wight hits you with a +3 long sword.
* * * LOW HITPOINT WARNING * * *
You feel drained.
* * * LOW HITPOINT WARNING * * *
Your shadow imp hits the crocodile but does no damage.
The crocodile bites your shadow imp!
You hit the crocodile.
The crocodile is almost dead.
Your shadow imp hits the crocodile.
The crocodile dies!
Your base Long Blades skill increases to level 5!
Your base Dodging skill increases to level 4!
The wight hits you with a +3 long sword.
* * * LOW HITPOINT WARNING * * *
You feel drained.
You die...

...# ...# {{{
...#######+##+##########
........................
.......####.............
..........#.............
.......##.#.............
.......##.#......z......
.......##.##....@†......
..8.8.8##.##.>...5......
...⌠.⌠.##.######........
##8.∩.8##.# #....$...
#.⌠.⌠.##.# #........
#8.8.8##.# #...[....
####### .........
.....)..$


You could see a wight and a friendly shadow imp.

Vanquished Creatures
  A phantom (D:4)
  A crimson imp (D:5)
  A centaur zombie (D:5)
  A jelly (D:6)
  A quasit (D:5)
  Crazy Yiuf (D:4)
  A centaur skeleton (D:6)
  7 orc wizards
  A hound skeleton (D:5)
  3 gnolls (D:3)
  10 adders
  An ooze (D:1)
  An adder skeleton (D:4)
  2 worms (D:2)
  4 dart slugs
  2 leopard geckos
  19 orcs
  8 giant cockroaches
  3 goblins
  11 hobgoblins
  4 jackals
  3 quokkas
  2 ball pythons
  2 bats
  4 frilled lizards
  6 kobolds
  7 rats
107 creatures vanquished.

Vanquished Creatures (collateral kills)
  A crocodile (D:7)
  An iguana (D:4)
  An orc wizard (D:3)
  A gnoll (D:3)
  A quokka (D:3)
5 creatures vanquished.

Grand Total: 112 creatures vanquished

Notes
Turn   | Place    | Note
-------+----------+-------------------------------------------
     0 | D:1      | Llamajah the Demonspawn Gladiator began the quest for the
                  | Orb.
     0 | D:1      | Reached XP level 1. HP: 16/16 MP: 1/1
   210 | D:1      | Gained mutation: You have a pair of small antennae on your
                  | head. [demonic ancestry]
   210 | D:1      | Reached XP level 2. HP: 16/22 MP: 2/2
   498 | D:1      | Reached skill level 3 in Long Blades
  1001 | D:2      | Gained mutation: A weak demonic guardian rushes to your
                  | aid. [demonic ancestry]
  1001 | D:2      | Reached XP level 3. HP: 22/28 MP: 3/3
  1133 | D:2      | Found a shadowy altar of Dithmenos.
  1154 | D:2      | Found a sparkling altar of Nemelex Xobeh.
  1923 | D:3      | Gained mutation: You have a pair of antennae on your head.
                  | [demonic ancestry]
  1923 | D:3      | Reached XP level 4. HP: 24/34 MP: 4/4
  2250 | D:3      | Reached skill level 1 in Armour
  2310 | D:3      | Reached XP level 5. HP: 27/41 MP: 5/5
  2824 | D:3      | Found a snail-covered altar of Cheibriados.
  2911 | D:3      | Found a radiant altar of Vehumet.
  3123 | D:4      | Reached skill level 4 in Long Blades
  3132 | D:4      | Reached XP level 6. HP: 28/48 MP: 6/6
  3365 | D:4      | Found a stormy altar of Qazlal.
  3367 | D:4      | Noticed an air elemental
  3367 | D:4      | Noticed a fire elemental
  3408 | D:4      | Noticed a water elemental
  3416 | D:4      | Noticed Grinder
  4244 | D:4      | Found a runed translucent door.
  4245 | D:4      | Noticed Crazy Yiuf
  4252 | D:4      | Killed Crazy Yiuf
  4351 | D:5      | Entered Level 5 of the Dungeon
  4378 | D:5      | Reached XP level 7. HP: 55/55 MP: 7/7
  4834 | D:5      | Found a blossoming altar of Fedhas.
  4836 | D:5      | Found a shimmering altar of Xom.
  4836 | D:5      | Found a shattered altar of Ashenzari.
  4838 | D:5      | Found a sparkling altar of Nemelex Xobeh.
  4838 | D:5      | Found a radiant altar of Vehumet.
  4838 | D:5      | Found a hazy altar of Hepliaklqana.
  5373 | D:7      | Found Piehiegy's Jewellery Shoppe.
  5422 | D:7      | Reached skill level 5 in Long Blades
  5422 | D:7      | HP: 1/55 [wight/+3 long sword (6)]
  5422 | D:7      | Slain by a wight

Skill      XL: |  1  2  3  4  5  6  7 |
---------------+----------------------+-----
Throwing       | 2 3 |  3.4
Long Blades    | 3 4 5 |  5.0
Dodging        | 3 4 |  4.0
Fighting       | 3 4 |  4.9
Armour         | 1 2 |  2.5

Action                   |  1- 3 |  4- 6 |  7- 9 || total
-------------------------+-------+-------+-------++-------
Melee: Long sword        |   110 |   179 |    83 ||   372
 Stab: Distracted        |       |     1 |       ||     1
  Eat: Chunk             |    14 |    10 |     2 ||    26
Armor: Leather armour    |    12 |       |       ||    12
       Ring mail         |    21 |    58 |       ||    79
       Chain mail        |       |       |    42 ||    42
       Plate armour      |       |       |    21 ||    21
Dodge: Dodged            |    71 |   118 |    31 ||   220
       Rpst.: Long sword |    22 |    40 |     7 ||    69
